 Dungeon Crawl Stone Soup version 0.29.0-4-gdea44cf6ec (webtiles) character file.

Game seed: 15763853275726874550

240 qw the Ruffian (level 6, -2/48 HPs)
             Began as a Ghoul Fire Elementalist on Aug 29, 2022.
             Slain by a gnoll
             ... wielding a +0 halberd
              (8 damage)
             ... on level 4 of the Dungeon.
             The game lasted 00:02:55 (4024 turns).

qw the Ruffian (Ghoul Fire Elementalist)            Turns: 4024, Time: 00:02:55

Health: -2/48      AC: 11    Str: 14    XL:     6   Next: 8%
Magic:  7/7        EV:  6    Int: 10    God:
Gold:   104        SH:  0    Dex:  9    Spells: 7/8 levels left

rFire   . . .      SeeInvis .     - Unarmed
rCold   + . .      Faith    .   (no shield)
rNeg    + + +      Spirit   .   c - +0 chain mail
rPois   inf        Reflect  .   (no helmet)
rElec   .          Harm     .   (no cloak)
rCorr   +          Rampage  .   f - +0 pair of gloves
Will    .....                   b - +0 pair of boots
Stlth   ..........              (no amulet)
HPRegen 0.00/turn               g - ring of resist corrosion
MPRegen 0.10/turn               (no ring)

@: inhibited regen
A: claws 1, cold resistance 1, negative energy resistance 3, inhibited
regeneration, torment resistance 2, devour on kill
a: no special abilities


You were on level 4 of the Dungeon.
You visited 1 branch of the dungeon, and saw 4 of its levels.

You collected 104 gold pieces.


Innate Abilities, Weirdness & Mutations

You are immune to poison.
You have sharp fingernails.
Your flesh is cold resistant. (rC+)
You are immune to negative energy. (rN+++)
You do not regenerate when monsters are visible.
You are immune to unholy pain and torment.
You thrive by killing the living.


   Skills:
 + Level 1.9 Fighting
 - Level 2.2 Armour
 - Level 1.7 Dodging
 - Level 2.1 Stealth
 - Level 4.9 Unarmed Combat
 - Level 1.7 Spellcasting
 - Level 0.7 Conjurations
 - Level 2.4 Fire Magic


You had 7 spell levels left.
You knew the following spells:

 Your Spells              Type           Power      Damage    Failure   Level
a - Foxfire               Conj/Fire      16%        2x1d4     99%         1

Your spell library contained the following spells:

 Spells                   Type           Power      Damage    Failure   Level
 Scorch                   Fire           10%        2d6       99%         2
 Conjure Flame            Conj/Fire      4%         6-21      100%        3
 Inner Flame              Hex/Fire       3%         N/A       100%        3
 Flame Wave               Conj/Fire      4%         2d5       100%        4

Inventory:

Armour
 b - a +0 pair of boots (worn)
 c - a +0 chain mail (worn)
 f - a +0 pair of gloves (worn)
Jewellery
 g - a ring of resist corrosion (left hand)
Scrolls
 d - a scroll of fear {unknown}
 i - a scroll of identify
Potions
 a - a potion of ambrosia {unknown}
 e - 2 potions of curing
 h - a potion of mutation {unknown}

Dungeon Overview and Level Annotations

Branches:
Dungeon (4/15)
 Temple: D:4-7

Altars:

Annotations:
D:4 Edmund


Message History

The gnoll is moderately wounded.
The gnoll barely misses you. x2
You hit the gnoll.
The gnoll is heavily wounded.
The gnoll hits you but does no damage. The gnoll closely misses you.
You hit the gnoll.
You kill the gnoll!
The gnoll hits you from afar with a +0 halberd.
You hit the gnoll but do no damage.
The gnoll hits you from afar with a +0 halberd.
You punch Edmund!
Edmund is lightly wounded.
You hit Edmund.
Edmund is moderately wounded.
Edmund hits you with a +3 vorpal dire flail.
The gnoll hits you from afar with a +0 halberd.
The gnoll hits you but does no damage.
You closely miss Edmund.
Edmund is moderately wounded.
Edmund zaps a wand.
The puff of flame hits you but does no damage.
The gnoll hits you but does no damage. The gnoll hits you with a +0 club.
You barely miss Edmund.
Edmund is moderately wounded.
The gnoll closely misses you.
Edmund grinds his teeth, and then sighs.
Edmund hits you with a +3 vorpal dire flail.
The gnoll closely misses you.
You hit Edmund but do no damage. You punch Edmund, but do no damage.
Edmund is moderately wounded.
The gnoll barely misses you. The gnoll hits you with a +0 club.
Edmund hits you with a +3 vorpal dire flail.
You hit Edmund but do no damage.
Edmund is moderately wounded.
The gnoll hits you from afar with a +0 halberd.
Edmund closely misses you. The gnoll hits you but does no damage.
You hit Edmund but do no damage.
Edmund is moderately wounded.
The gnoll hits you from afar with a +0 halberd!
You die...

#.#...# .......
#.#...# # #.##.## #.
#.##.## . #.##.## #.
#......
##.#############..#.##
#.@.#@............#.##
#S@g########........
......g### #.##.#...
###.#.# #.##.#### # #.
#.#...... # #....[.##
#......# #..#.#.##
#..#.#...


You could see Edmund, 2 gnolls and a ball python.

Vanquished Creatures
  A phantom (D:4)
  A necrophage (D:4)
  4 adders
  A gnoll (D:4)
  A dart slug (D:1)
  12 ball pythons
  9 endoplasms
  2 giant cockroaches
  2 goblins
  3 hobgoblins
  7 quokkas
  5 bats
  4 frilled lizards
  4 kobolds
  8 rats
64 creatures vanquished.

Notes
Turn   | Place    | Note
-------+----------+-------------------------------------------
     0 | D:1      | qw the Ghoul Fire Elementalist began the quest for the Orb.
     0 | D:1      | Reached XP level 1. HP: 14/14 MP: 2/2
     0 | D:1      | 0 ||| qw: Version: 0.1-a-90-g952f4b7
     0 | D:1      | 0 ||| qw: Game counter: 3965
     0 | D:1      | 0 ||| qw: Always use a shield: true
     0 | D:1      | 0 ||| qw: God list: Okawaru
     0 | D:1      | 0 ||| qw: Allow faded altars: false
     0 | D:1      | 0 ||| qw: Do Orc after D:15 true
     0 | D:1      | 0 ||| qw: Do second Lair branch before Depths: true
     0 | D:1      | 0 ||| qw: Lair rune preference: random
     0 | D:1      | 0 ||| qw: Plans: Normal
     0 | D:1      | 0 ||| PLANNING D:1-11
   262 | D:1      | 262 ||| Stepping ~*~*~tactically~*~*~ (hiding).
   364 | D:1      | 364 ||| Stepping ~*~*~tactically~*~*~ (hiding).
   466 | D:1      | 466 ||| Stepping ~*~*~tactically~*~*~ (hiding).
   568 | D:1      | 568 ||| Stepping ~*~*~tactically~*~*~ (hiding).
   574 | D:1      | Reached skill level 1 in Unarmed Combat
   577 | D:1      | Reached XP level 2. HP: 19/22 MP: 3/3
   669 | D:1      | Reached skill level 1 in Fighting
   793 | D:1      | Found Qif Dyirgh's General Store.
  1031 | D:1      | 1031 ||| Stepping ~*~*~tactically~*~*~ (stealth).
  1032 | D:1      | 1032 ||| Stepping ~*~*~tactically~*~*~ (stealth).
  1052 | D:1      | Reached skill level 2 in Unarmed Combat
  1276 | D:1      | Reached XP level 3. HP: 28/28 MP: 4/4
  1639 | D:1      | 1639 ||| UPGRADING to +0 pair of gloves.
  1644 | D:1      | 1644 ||| DROPPING ring of magical power.
  1645 | D:1      | 1645 ||| READING scroll labelled DOIZID ULILUIT.
  1646 | D:1      | 1646 ||| READING scroll labelled ITUGHE BERPHA.
  1647 | D:1      | 1647 ||| READING scroll labelled DOVVEJ RAEMO.
  1652 | D:1      | 1652 ||| DROPPING potion of magic.
  1861 | D:2      | Reached skill level 3 in Unarmed Combat
  1982 | D:2      | Reached XP level 4. HP: 32/35 MP: 5/5
  2777 | D:2      | 2777 ||| UPGRADING to +0 pair of boots.
  2782 | D:2      | 2782 ||| UPGRADING to +0 chain mail.
  2792 | D:2      | 2792 ||| DROPPING +0 robe.
  2793 | D:2      | 2793 ||| READING scroll labelled JYITAIG QAF.
  3074 | D:3      | 3074 ||| Stepping ~*~*~tactically~*~*~ (stealth).
  3303 | D:3      | 3303 ||| UPGRADING to ring of resist corrosion.
  3304 | D:3      | 3304 ||| READING scroll labelled QAXZAF ZISCHETT.
  3305 | D:3      | 3305 ||| READING scroll labelled OBAMET FAFESH.
  3306 | D:3      | 3306 ||| READING scroll labelled ACY COWNUD.
  3307 | D:3      | 3307 ||| DRINKING 3 emerald potions.
  3324 | D:4      | Noticed a necrophage
  3340 | D:4      | Killed a necrophage
  3341 | D:4      | Reached XP level 5. HP: 20/40 MP: 6/6
  3341 | D:4      | 3341 ||| STAIRDANCE
  3569 | D:4      | Noticed a phantom
  3581 | D:4      | 3581 ||| Stepping ~*~*~tactically~*~*~ (outnumbered).
  3582 | D:4      | 3582 ||| Stepping ~*~*~tactically~*~*~ (outnumbered).
  3588 | D:4      | 3588 ||| Stepping ~*~*~tactically~*~*~ (outnumbered).
  3589 | D:4      | 3589 ||| Stepping ~*~*~tactically~*~*~ (outnumbered).
  3590 | D:4      | 3590 ||| Stepping ~*~*~tactically~*~*~ (outnumbered).
  3598 | D:4      | HP: 10/40 [phantom (2)]
  3603 | D:4      | HP: 6/40 [frozen (2)]
  3605 | D:4      | Killed a phantom
  3606 | D:4      | Reached skill level 4 in Unarmed Combat
  3917 | D:4      | Reached XP level 6. HP: 45/47 MP: 7/7
  4008 | D:4      | Noticed Edmund
  4012 | D:4      | 4012 ||| Stepping ~*~*~tactically~*~*~ (outnumbered).
  4022 | D:4      | HP: 12/48 [Edmund/+3 vorpal dire flail (1)]
  4024 | D:4      | Slain by a gnoll

Levels and vault maps discovered:
D:1:      matt_arrival_los_fun, layout_basic, serial_shops,
          nicolae_shop_hallway_stairs
D:2:      layout_loops_ring
D:3:      layout_basic, lemuel_crystal_altar
D:4:      layout_loops_ring, uniq_edmund

Skill      XL: |  1  2  3  4  5 |
---------------+----------------+-----
Unarmed Combat | 1 2 3 4 |  4.9
Fighting       | 1 |  1.9
Armour         | 2 |  2.2
Dodging        | |  1.7
Stealth        | |  2.1
Spellcasting   | |  1.7
Conjurations   | |  0.7
Fire Magic     | |  2.4

Action                   |  1- 3 |  4- 6 || total
-------------------------+-------+-------++-------
Melee: Unarmed           |   158 |   137 ||   295
       Punch             |     1 |     3 ||     4
  Use: Scroll            |     3 |     4 ||     7
       Potion            |       |     1 ||     1
Armor: Robe              |    37 |    10 ||    47
       Chain mail        |       |    41 ||    41
Dodge: Dodged            |   101 |    49 ||   150

Table legend:
 A = Non-vault XP
 B = Vault XP
 C = Vault XP percentage of total XP
 D = Non-vault monster count
 E = Vault monster count
 F = Vault count percentage of total count
                 A         B        C        D         E       F
            +---------+---------+-------+---------+---------+-------
      Total |     343 |       0 |   0.0 |      64 |       0 |   0.0
            +---------+---------+-------+---------+---------+-------
        D:1 |      42 |       0 |   0.0 |      26 |       0 |   0.0
        D:2 |      55 |       0 |   0.0 |      20 |       0 |   0.0
        D:3 |      13 |       0 |   0.0 |       8 |       0 |   0.0
        D:4 |     233 |       0 |   0.0 |      10 |       0 |   0.0
            +---------+---------+-------+---------+---------+-------
